 Dungeon Crawl Stone Soup version 0.30.1-4-g462c640d31 (webtiles) character file.

Game seed: 3332326314319392065

67 Gorgoleon the Chopper (level 4, -4/39 HPs)
             Began as a Hill Orc Berserker on Aug 17, 2023.
             Was a Believer of Trog.
             Slain by an iguana (14 damage)
             ... on level 4 of the Dungeon.
             The game lasted 00:03:47 (1215 turns).

Gorgoleon the Chopper (Hill Orc Berserker)          Turns: 1215, Time: 00:03:47

Health: -4/39      AC:  2    Str: 21    XL:     4   Next: 18%
Magic:  4/4        EV: 11    Int:  7    God:    Trog [**....]
Gold:   99         SH:  0    Dex: 10    Spells: 3/3 levels left

rFire   . . .        a - +1 hand axe
rCold   . . .        (no shield)
rNeg    . . .        b - +0 animal skin
rPois   .            (no helmet)
rElec   .            (no cloak)
rCorr   .            (no gloves)
SInv    .            (no boots)
Will    .....        (no amulet)
Stlth   +            (no ring)
HPRegen 0.26/turn    (no ring)
MPRegen 0.09/turn

%: no passive effects
@: no status effects
A: no striking features
a: Renounce Religion, Berserk, Trog's Hand


You were on level 4 of the Dungeon.
You worshipped Trog.
Trog was pleased with you.
You visited 1 branch of the dungeon, and saw 3 of its levels.

You collected 99 gold pieces.

Inventory:

Hand Weapons
 a - a +1 hand axe (weapon)
Missiles
 i - 9 boomerangs (quivered)
Armour
 b - a +0 animal skin (worn)
Jewellery
 d - an amulet of the acrobat
 n - an amulet of magic regeneration
Scrolls
 c - a scroll of fear
Potions
 f - a potion of attraction
 g - a potion of might {unknown}
 h - a potion of brilliance {unknown}
 m - a potion of heal wounds {unknown}


   Skills:
 - Level 3.6 Fighting
 + Level 6.5 Axes
 - Level 2.1 Armour
 - Level 1.5 Dodging


You had 3 spell levels left.
You didn't know any spells.
Your spell library was empty.

Dungeon Overview and Level Annotations

Branches:
Dungeon (2/15)

Altars:

Shops:
D:1 =[*[   D:4 [


Message History

An iguana comes into view.
There is an entrance to Suobayl's Armour Boutique here.
The iguana hisses menacingly.
You barely miss the iguana. You hit the iguana but do no damage.
The iguana barely misses you.
You slash the iguana!
The iguana is heavily wounded.
The iguana barely misses you.
You hit the iguana.
The iguana is severely wounded.
The iguana bites you.
You hit the iguana but do no damage.
The iguana is severely wounded.
The iguana bites you!
You barely miss the iguana.
The iguana is severely wounded.
The iguana bites you.
You hit the iguana but do no damage.
The iguana is severely wounded.
The iguana closely misses you.
You hit the iguana. Your punch misses the iguana.
The iguana is severely wounded.
The iguana closely misses you.
You hit the iguana but do no damage.
The iguana is severely wounded.
The iguana bites you!
You hit the iguana.
The iguana is almost dead.
The iguana completely misses you.
You barely miss the iguana.
The iguana is almost dead.
The iguana misses you.
You hit the iguana but do no damage.
The iguana is almost dead.
The iguana bites you.
* * * LOW HITPOINT WARNING * * *
You hit the iguana.
The iguana is almost dead.
The iguana bites you!
You die...

#.# .. .#
##.#
###..#
##...# #
##8.8l# $#
#..∩.@##.#
#.8.8....#
#......###
##.....#
#.....#
#######


You could see an iguana.

Vanquished Creatures
  A gnoll (D:1)
  2 adders (D:2)
  A dart slug (D:2)
  2 ball pythons (D:1)
  3 bats
  4 endoplasms
  A giant cockroach (D:1)
  5 hobgoblins (D:1)
  3 jackals (D:2)
  5 kobolds
  2 quokkas (D:1)
  3 frilled lizards
  5 rats
37 creatures vanquished.

Notes
Turn   | Place    | Note
-------+----------+-------------------------------------------
     0 | D:1      | Gorgoleon the Hill Orc Berserker began the quest for the
                  | Orb.
     0 | D:1      | Reached XP level 1. HP: 19/19 MP: 1/1
    84 | D:1      | Found Isa Rowk's Jewellery Shop.
    98 | D:1      | Found Otairi's Assorted Antiques.
   135 | D:1      | Reached XP level 2. HP: 26/26 MP: 2/2
   175 | D:1      | Found Voimn's Antique Armour Emporium.
   197 | D:1      | Found Wianoss's Antique Armour Shop.
   343 | D:1      | Reached skill level 5 in Axes
   355 | D:1      | Reached XP level 3. HP: 23/31 MP: 3/3
   482 | D:1      | Reached ** piety under Trog
   765 | D:2      | Reached skill level 6 in Axes
  1027 | D:2      | Reached XP level 4. HP: 19/39 MP: 4/4
  1188 | D:2      | You fall into a shaft and drop 2 floors!
  1188 | D:4      | Found Suobayl's Armour Boutique.
  1215 | D:4      | Slain by an iguana

Illustrated notes

Levels and vault maps discovered:
D:1:      dpeg_arrival_shelter, layout_rooms, serial_shops,
          nicolae_shop_peninsula, shop, shop, shop, grunt_decor_resistance
D:2:      layout_loops_ring, minmay_pentomino_w2
D:4:      layout_rooms, serial_shops, nicolae_shop_tiny_statue_garden,
          uniq_duvessa, uniq_menkaure, uniq_robin

Skill      XL: |  1  2  3 |
---------------+----------+-----
Axes           | 5 6 |  6.5
Fighting       | |  3.6
Armour         | |  2.1
Dodging        | |  1.5

Action                     |  1- 3 |  4- 6 || total
---------------------------+-------+-------++-------
  Melee: Hand axe          |    97 |    19 ||   116
         Punch             |     3 |       ||     3
    Use: Scroll            |       |     5 ||     5
   Stab: Sleeping          |     2 |       ||     2
 Armour: Animal skin       |    13 |       ||    13
  Dodge: Dodged            |    55 |     8 ||    63
